 Dungeon Crawl Stone Soup version 0.29.0-4-gdea44cf6ec (webtiles) character file.

Game seed: 12942450297702725736

18 qw the Chopper (level 2, 0/17 HPs)
             Began as a Tengu Warper on Aug 28, 2022.
             Succumbed to their own poison gas
             ... on level 1 of the Dungeon.
             The game lasted 00:00:04 (1321 turns).

qw the Chopper (Tengu Warper)                       Turns: 1321, Time: 00:00:04

Health: 0/17       AC:  3    Str: 11    XL:     2   Next: 66%
Magic:  5/6        EV: 11    Int: 13    God:
Gold:   32         SH:  0    Dex: 13    Spells: 5/5 levels left

rFire   . . .      SeeInvis .   Y - +0 hand axe
rCold   . . .      Faith    .   (no shield)
rNeg    . . .      Spirit   +   b - +0 leather armour
rPois   .          Reflect  .   (helmet restricted)
rElec   .          Harm     .   (no cloak)
rCorr   .          Rampage  .   (no gloves)
Will    .....                   (boots unavailable)
Stlth   +.........              d - amulet of guardian spirit
HPRegen 0.05/turn               (no ring)
MPRegen 0.10/turn               (no ring)

@: lethally poisoned (0 -> -11)
A: beak, talons 3
a: no special abilities


You were on level 1 of the Dungeon.
You visited 1 branch of the dungeon, and saw 1 of its levels.

You collected 32 gold pieces.


Innate Abilities, Weirdness & Mutations

You have a beak for a mouth.
You have claws for feet.


   Skills:
 - Level 2.0 Fighting
 + Level 3.5 Axes
 - Level 1.0 Throwing
 - Level 1.1 Armour
 - Level 2.1 Dodging
 - Level 2.0 Spellcasting
 - Level 2.4 Translocations


You had 5 spell levels left.
You didn't know any spells.
Your spell library contained the following spells:

 Spells                   Type           Power      Damage    Failure   Level
 Blink                    Tloc           14%        N/A       19%         2
 Gell's Gravitas          Tloc           7%         N/A       36%         3
 Lesser Beckoning         Tloc           7%         N/A       36%         3
 Teleport Other           Tloc           7%         N/A       36%         3
 Manifold Assault         Tloc           7%         N/A       98%         5

Inventory:

Hand Weapons
 f - a +0 club
 Y - a +0 hand axe (weapon)
Missiles
 j - 6 boomerangs (quivered)
Armour
 b - a +0 leather armour (worn)
Jewellery
 d - an amulet of guardian spirit (around neck)
Scrolls
 h - a scroll of identify
Potions
 g - 2 potions of cancellation

Dungeon Overview and Level Annotations

Branches:
Dungeon (1/15)

Altars:


Message History

You start waiting.
Your hearing returns.
Done waiting.
Done exploring.
1313 ||| READING 2 scrolls labelled YNGOLIMPOU.
As you read the scroll labelled YNGOLIMPOU, it crumbles to dust.
It is a scroll of identify.
Really abort (and waste the scroll)?
Done exploring.
1314 ||| READING scroll labelled ROLOGE ZUAPOWK.
The air fills with toxic fumes!
As you read the scroll labelled ROLOGE ZUAPOWK, it crumbles to dust.
It was a scroll of poison.
Done exploring.
1315 ||| READING scroll labelled FAOJEF XUAPIUR.
As you read the scroll labelled FAOJEF XUAPIUR, it crumbles to dust.
You feel momentarily disoriented.
It was a scroll of magic mapping.
Done exploring.
1316 ||| DRINKING 3 pink potions.
It was a potion of cancellation.
You feel magically purged.
Done exploring.
1317 ||| DROPPING scroll of blinking.
You drop a scroll of blinking.
Done exploring.
(D) Dungeon
Where to? (* - list waypoints, ? - help)
What level of the Dungeon? (default 1, ? - help) Sorry, I don't know how to get there.
Done exploring.
1318 ||| Stepping randomly (stuck).
Really walk into that cloud of poison gas?
You are engulfed in poison gas.
You are lethally poisoned!
You feel very sick.
1319 ||| Stepping ~*~*~tactically~*~*~ (cloud).
You feel very sick.
You see here a scroll of blinking.
There is a lethal amount of poison in your body!
You feel very sick.
There is a lethal amount of poison in your body!
You die...

######### #@¤¤0¤¤0# ###
#¤#####.###.###### #########
#¤# #.#..#...... ........#
#¤#####.#.###..##. #######.#
#¤#......## ##..#. #.#
####¤#.###.#.###.....
###.#####..¤¤¤..##.#..#......
###......##..¤0¤..##.###.##.###
#........##..........# ####.#


There were no monsters in sight!

Vanquished Creatures
  A dart slug (D:1)
  4 endoplasms (D:1)
  A giant cockroach (D:1)
  2 goblins (D:1)
  2 kobolds (D:1)
  2 ball pythons (D:1)
  2 frilled lizards (D:1)
  A rat (D:1)
15 creatures vanquished.

Notes
Turn   | Place    | Note
-------+----------+-------------------------------------------
     0 | D:1      | qw the Tengu Warper began the quest for the Orb.
     0 | D:1      | Reached XP level 1. HP: 12/12 MP: 4/4
     0 | D:1      | 0 ||| qw: Version: 0.1-a-89-g26bdef1
     0 | D:1      | 0 ||| qw: Game counter: 2362
     0 | D:1      | 0 ||| qw: Always use a shield: true
     0 | D:1      | 0 ||| qw: God list: Okawaru
     0 | D:1      | 0 ||| qw: Allow faded altars: false
     0 | D:1      | 0 ||| qw: Do Orc after D:15 true
     0 | D:1      | 0 ||| qw: Do second Lair branch before Depths: true
     0 | D:1      | 0 ||| qw: Lair rune preference: random
     0 | D:1      | 0 ||| qw: Plans: Normal
     0 | D:1      | 0 ||| PLANNING D:1-11
    18 | D:1      | 18 ||| Stepping ~*~*~tactically~*~*~ (stealth).
    20 | D:1      | 20 ||| Stepping ~*~*~tactically~*~*~ (stealth).
    23 | D:1      | 23 ||| Stepping ~*~*~tactically~*~*~ (stealth).
    24 | D:1      | 24 ||| Stepping ~*~*~tactically~*~*~ (stealth).
    26 | D:1      | 26 ||| Stepping ~*~*~tactically~*~*~ (stealth).
   429 | D:1      | Reached XP level 2. HP: 17/17 MP: 6/6
   482 | D:1      | Reached skill level 3 in Axes
  1207 | D:1      | 1207 ||| UPGRADING to amulet of guardian spirit.
  1212 | D:1      | 1212 ||| READING scroll labelled LERGHY NEOGH.
  1313 | D:1      | 1313 ||| READING 2 scrolls labelled YNGOLIMPOU.
  1314 | D:1      | 1314 ||| READING scroll labelled ROLOGE ZUAPOWK.
  1315 | D:1      | 1315 ||| READING scroll labelled FAOJEF XUAPIUR.
  1316 | D:1      | 1316 ||| DRINKING 3 pink potions.
  1317 | D:1      | 1317 ||| DROPPING scroll of blinking.
  1318 | D:1      | 1318 ||| Stepping randomly (stuck).
  1319 | D:1      | 1319 ||| Stepping ~*~*~tactically~*~*~ (cloud).
  1320 | D:1      | HP: 2/17 [poisoned by you (poison gas)]
  1321 | D:1      | Succumbed to their own poison gas

Levels and vault maps discovered:
D:1:      scummos_arrival_star, layout_loops_corners

Skill      XL: |  1  2 |
---------------+-------+-----
Axes           | 3 |  3.5
Fighting       | |  2.0
Throwing       | |  1.0
Armour         | |  1.1
Dodging        | |  2.1
Spellcasting   | |  2.0
Translocations | |  2.4

Action                   || total
-------------------------++-------
Melee: Hand axe          ||    26
       Kick              ||     6
       Peck              ||     5
       Punch             ||     1
Throw: Boomerang         ||     9
  Use: Scroll            ||     4
       Potion            ||     1
Armor: Leather armour    ||     4
Dodge: Dodged            ||     5

Table legend:
 A = Non-vault XP
 B = Vault XP
 C = Vault XP percentage of total XP
 D = Non-vault monster count
 E = Vault monster count
 F = Vault count percentage of total count
                 A         B        C        D         E       F
            +---------+---------+-------+---------+---------+-------
      Total |      26 |       0 |   0.0 |      15 |       0 |   0.0
            +---------+---------+-------+---------+---------+-------
        D:1 |      26 |       0 |   0.0 |      15 |       0 |   0.0
            +---------+---------+-------+---------+---------+-------
